 Dungeon Crawl Stone Soup version 0.30-a0-509-gd016549fea (webtiles) character file.

Game seed: 10062484477061009720

4727 Crownlay the Myrmidon (level 10, -1/79 HPs)
             Began as a Demonspawn Hunter on Dec 22, 2022.
             Was an Elder of Okawaru.
             Slain by a yak (12 damage)
             ... on level 8 of the Dungeon.
             The game lasted 00:20:41 (6849 turns).

Crownlay the Myrmidon (Demonspawn Hunter)           Turns: 6849, Time: 00:20:41

Health: -1/79      AC:  6    Str: 13    XL:     10   Next: 22%
Magic:  12/18      EV: 18    Int: 14    God:    Okawaru [****..]
Gold:   390        SH:  0    Dex: 21    Spells: 9/9 levels left

rFire   + . .      SeeInvis .    u - +2 long sword (elec)
rCold   . . .      Faith    .    (no shield)
rNeg    + . .      Spirit   .    t - +0 robe of Hairiness {rN+ Str+2 Int+3 Stlth+}
rPois   .          Reflect  .    (helmet unavailable)
rElec   .          Harm     .    K - +0 cloak
rCorr   .          Rampage  .    (no gloves)
Will    .....                    p - +0 pair of boots
Stlth   ++++......               (no amulet)
HPRegen 0.33/turn                f - ring of protection from fire
MPRegen 0.16/turn                (no ring)

@: heroic, finesse-ful
A: horns 3, slimy green scales 1, spiny 2
a: Renounce Religion, Heroism, Finesse


You were on level 8 of the Dungeon.
You worshipped Okawaru.
Okawaru was greatly pleased with you.
You visited 1 branch of the dungeon, and saw 8 of its levels.

You collected 474 gold pieces.
You spent 84 gold pieces at shops.

Inventory:

Hand Weapons
 a - a +0 shortbow
 u - a +2 long sword of electrocution (weapon)
Missiles
 c - 4 silver javelins
 r - 6 atropa-tipped darts
 G - 8 curare-tipped darts
 J - a throwing net
Armour
 p - a +0 pair of boots (worn)
 t - the +0 robe of Hairiness (worn) {rN+ Str+2 Int+3 Stlth+}
   (You found it on level 3 of the Dungeon)

   Str:       It affects your strength (+2).
   Int:       It affects your intelligence (+3).
   rN:        It protects you from negative energy.
   Stlth:     It makes you more stealthy.
 F - a +0 kite shield
 K - a +0 cloak (worn)
Jewellery
 f - a ring of protection from fire (left hand)
Wands
 h - a wand of quicksilver (12)
 w - a wand of flame (7)
Scrolls
 b - a scroll of immolation
 d - 3 scrolls of enchant weapon
 e - 2 scrolls of poison
 k - 3 scrolls of teleportation
 l - a scroll of fear
 n - a scroll of identify
 q - 3 scrolls of vulnerability
 v - a scroll of magic mapping {unknown}
 y - 2 scrolls of enchant armour
 z - a scroll of butterflies {unknown}
 B - a scroll of blinking {unknown}
 C - 3 scrolls of torment
 H - 2 scrolls of amnesia {unknown}
 L - 2 scrolls of noise {unknown}
Potions
 g - 8 potions of curing
 i - 3 potions of might {unknown}
 j - a potion of mutation {unknown}
 m - a potion of magic {unknown}
 o - 3 potions of brilliance
 s - 3 potions of lignification {unknown}
 x - a potion of flight {unknown}
 A - 3 potions of attraction {unknown}
 D - 2 potions of ambrosia {unknown}
 E - a potion of resistance {unknown}
 I - a potion of degeneration {unknown}


   Skills:
 * Level 7.4(12.4) Fighting
 + Level 8.4(13.4) Ranged Weapons
 - Level 3.0(8.0) Dodging
 - Level 0.8(5.8) Stealth
 - Level 5.0(10.0) Shields
 + Level 10.7 Invocations


You had 9 spell levels left.
You didn't know any spells.
Your spell library contained the following spells:

 Spells                   Type           Power      Damage    Failure   Level
 Beastly Appendage        Tmut           0%         N/A       28%         1
 Shock                    Conj/Air       0%         1d3       28%         1
 Sting                    Tmut/Pois      0%         1d3       28%         1
 Poisonous Vapours        Pois/Air       0%         N/A       41%         2
 Wereblood                Tmut           0%         N/A       41%         2
 Frozen Ramparts          Ice            0%         1d1       65%         3
 Gell's Gravitas          Tloc           0%         N/A       65%         3
 Inner Flame              Hex/Fire       0%         N/A       65%         3
 Lesser Beckoning         Tloc           0%         N/A       65%         3
 Spider Form              Tmut/Pois      0%         N/A       65%         3
 Swiftness                Air            0%         N/A       65%         3
 Teleport Other           Tloc           0%         N/A       65%         3
 Airstrike                Air            0%         2d(0-16)  96%         4
 Cause Fear               Hex            0%         N/A       96%         4
 Ice Form                 Ice/Tmut       0%         N/A       96%         4
 Olgreb's Toxic Radiance  Pois           0%         N/A       96%         4
 Discord                  Hex            0%         N/A       100%        8
 Summon Ice Beast         Ice/Summ       Unusable   N/A       N/A         4

Dungeon Overview and Level Annotations

Branches:
Dungeon (8/15)             Temple (0/1) D:4
   Lair: D:8-11

Altars:
Fedhas
Hepliaklqana
Makhleb
Nemelex Xobeh
Okawaru
Vehumet
Wu Jian
Xom

Shops:
D:2 !   D:5 *


Innate Abilities, Weirdness & Mutations

You have a pair of large horns on your head.
You are partially covered in slimy green scales. (AC +2)
You are mostly covered in sharp spines.


Message History

Okay, then.
You closely miss the yak. Your headbutt misses the yak. The yak misses you.
You hit the yak.
The yak is lightly wounded.
The yak is struck by your spines. The yak barely misses you.
You closely miss the yak. Your headbutt misses the yak.
The yak is lightly wounded.
The yak is struck by your spines. The yak gores you!
You slash the yak! Your headbutt misses the yak.
The yak is heavily wounded.
The yak gores you.
You hit the yak.
The yak is heavily wounded.
The yak gores you! The yak barely misses you.
You slash the yak! You punch the yak.
The yak is almost dead.
The yak is struck by your spines. The yak misses you.
You slash the yak!
You kill the yak!
Okawaru accepts your kill.
You hit the yak.
The yak is lightly wounded.
The yak gores you!
* * * LOW HITPOINT WARNING * * *
You hit the yak. Lightning courses through the yak! You headbutt the yak.
The yak is heavily wounded.
The yak gores you!
* * * LOW HITPOINT WARNING * * *
You can now deal lightning-fast blows.
You can no longer speed up your combat.
The yak is struck by your spines. The yak completely misses you.
You slash the yak! Lightning courses through the yak!!
You kill the yak!
Okawaru accepts your kill.
You can now speed up your combat.
You slash the yak! Lightning courses through the yak! You headbutt the yak.
The yak is severely wounded.
You slash the yak! You punch the yak, but do no damage.
The yak is severely wounded.
The yak gores you!
You die...

#.#...~.....#
#.#.........# ...
#...........# ...
#.........# ...
#.....~...# #.#
#.....~...# .
#.#######........<#
.
...........#####.##
. ...........# #@#
# .<.........# #Y#
# ).).....#### ...
#. ### ))......#
...?. #..##..
........# .......
#..... ........#
#........ #.###.
........#
#......... #.
.#.######
######.....
#.#####. .#.#
........


You could see a yak.

Vanquished Creatures
  Pikel (D:5)
  Grinder (D:5)
  Sigmund (D:5)
  A wyvern (D:8)
  5 yaks (D:8)
  4 vampire mosquitoes (D:6)
  Edmund (D:5)
  A sky beast (D:8)
  4 black bears
  An ogre (D:4)
  2 centaurs
  An ice beast (D:7)
  A lemure (D:5)
  3 kobold brigands
  6 bullfrogs
  2 scorpions
  3 wights (D:7)
  3 howler monkeys
  4 hounds
  A jelly (D:7)
  Natasha (thrice) (D:3)
  2 iguanas
  6 orc wizards
  Robin (D:2)
  5 adders
  2 white imps
  An ufetubus (D:4)
  A worm (D:5)
  2 dart slugs
  21 orcs
  8 endoplasms
  4 giant cockroaches
  18 goblins
  9 hobgoblins
  A jackal (D:1)
  30 kobolds
  3 quokkas
  10 ball pythons
  4 bats
  6 frilled lizards
  8 rats
  A spectral goblin (D:4)
192 creatures vanquished.

Notes
Turn   | Place    | Note
-------+----------+-------------------------------------------
     0 | D:1      | Crownlay the Demonspawn Hunter began the quest for the Orb.
     0 | D:1      | Reached XP level 1. HP: 16/16 MP: 1/1
   139 | D:1      | Gained mutation: You have a pair of small horns on your
                  | head. [demonic ancestry]
   139 | D:1      | Reached XP level 2. HP: 22/23 MP: 2/2
   777 | D:2      | Found a shimmering altar of Xom.
   849 | D:2      | Gained mutation: You have a pair of horns on your head.
                  | [demonic ancestry]
   849 | D:2      | Reached XP level 3. HP: 28/28 MP: 3/3
   928 | D:2      | Found Qope Ynk's Distillery.
   964 | D:2      | Bought a potion of curing for 30 gold pieces
  1211 | D:2      | Noticed Robin
  1323 | D:2      | Killed Robin
  1324 | D:2      | Reached XP level 4. HP: 32/35 MP: 4/4
  1490 | D:3      | Identified the +0 robe of Hairiness {rN+ Str+2 Int+3
                  | Stlth+}
  1629 | D:3      | Found a burning altar of Makhleb.
  1658 | D:3      | Found an iron altar of Okawaru.
  1666 | D:3      | Became a worshipper of Warmaster Okawaru
  2081 | D:3      | Noticed Natasha
  2085 | D:3      | Killed Natasha
  2122 | D:3      | Found a faded altar of an unknown god.
  2230 | D:3      | Noticed Natasha
  2233 | D:3      | Killed Natasha
  2234 | D:3      | Reached skill level 1 in Invocations
  2234 | D:3      | Gained mutation: You have a pair of large horns on your
                  | head. [demonic ancestry]
  2234 | D:3      | Reached XP level 5. HP: 33/42 MP: 5/5
  2353 | D:3      | Noticed Natasha
  2359 | D:3      | Killed Natasha
  2832 | D:4      | Noticed an ogre
  2842 | D:4      | Killed an ogre
  2843 | D:4      | Reached skill level 3 in Invocations
  2843 | D:4      | Gained mutation: You are partially covered in sharp spines.
                  | [demonic ancestry]
  2843 | D:4      | Reached XP level 6. HP: 29/48 MP: 6/8
  2956 | D:4      | Reached skill level 5 in Ranged Weapons
  3052 | D:4      | Reached skill level 4 in Invocations
  3109 | D:4      | Found a staircase to the Ecumenical Temple.
  3209 | D:4      | Found a hazy altar of Hepliaklqana.
  3232 | D:4      | Found a sparkling altar of Nemelex Xobeh.
  3236 | D:4      | Reached * piety under Okawaru
  3453 | D:5      | Entered Level 5 of the Dungeon
  3481 | D:5      | Found an ornate altar of the Wu Jian Council.
  3491 | D:5      | Gained mutation: You are partially covered in slimy green
                  | scales. (AC +2) [demonic ancestry]
  3491 | D:5      | Reached XP level 7. HP: 32/54 MP: 10/10
  3703 | D:5      | Noticed Pikel
  3723 | D:5      | Killed Pikel
  3723 | D:5      | Reached ** piety under Okawaru
  3724 | D:5      | Reached skill level 5 in Fighting
  3724 | D:5      | Reached skill level 6 in Invocations
  3724 | D:5      | Reached XP level 8. HP: 16/63 MP: 10/12
  3899 | D:5      | Found Gokos's CLEARANCE SALE!.
  3906 | D:5      | Bought a scroll of torment for 38 gold pieces
  3906 | D:5      | Bought a scroll of fear for 16 gold pieces
  3918 | D:5      | Noticed Sigmund
  3937 | D:5      | Killed Sigmund
  4031 | D:5      | Noticed Edmund
  4045 | D:5      | Noticed Grinder
  4049 | D:5      | Killed Edmund
  4050 | D:5      | Reached skill level 7 in Invocations
  4388 | D:5      | Found a radiant altar of Vehumet.
  4403 | D:5      | Killed Grinder
  4404 | D:5      | Reached skill level 1 in Shields
  4404 | D:5      | Reached skill level 8 in Invocations
  4566 | D:6      | Found a blossoming altar of Fedhas.
  5125 | D:6      | Reached *** piety under Okawaru
  5126 | D:6      | Reached XP level 9. HP: 67/69 MP: 15/15
  5134 | D:6      | Reached skill level 9 in Invocations
  5142 | D:6      | HP: 2/69 [vampire mosquito (8)]
  5685 | D:7      | Reached skill level 10 in Invocations
  5785 | D:7      | You fall into a shaft and drop 1 floor!
  5823 | D:8      | Found a shimmering altar of Xom.
  6145 | D:7      | Reached skill level 5 in Shields
  6528 | D:7      | Gained mutation: You are mostly covered in sharp spines.
                  | [demonic ancestry]
  6528 | D:7      | Reached XP level 10. HP: 60/77 MP: 15/17
  6836 | D:8      | Reached **** piety under Okawaru
  6849 | D:8      | Slain by a yak

Illustrated notes

Levels and vault maps discovered:
D:1:      heliophobic_arrival_enchanted_forest, layout_loops_ring, st_stairs_4,
          minmay_misc_feat_cross
D:2:      minmay_skewed_foursquare, layout_rooms, basic_altar, serial_shops,
          shop, chequers_decorated_corner, uniq_robin
D:3:      layout_basic, mainiacjoe_overflow_two_lobes,
          hellmonk_ecumenical_altar_pennies_from_heaven, uniq_natasha
D:4:      layout_basic, nicolae_hepliaklqana_monster_ancestors,
          nemelex_dance_club_becter, zin_scriptorium,
          minmay_temple_entry_large_hall
D:5:      layout_loops_ring, overflow_temple_1_default, lemuel_tele_altar,
          nicolae_shop_clearance, uniq_pikel, uniq_grinder, uniq_sigmund,
          uniq_edmund
D:6:      layout_loops_corners, fedhas_bush_and_centaur_altar, item_on_display_a
D:7:      layout_rooms, kennysheep_generic_room_2
D:8:      layout_basic, amcnicky_altar_gilded, nicolae_ru_awakened_eye,
          mainiacjoe_overflow_brackets, grunt_ministairs_13, grunt_decor_cap

Skill      XL: |  1  2  3  4  5  6  7  8  9 10 |
---------------+-------------------------------+-----
Dodging        | 2 3 |  3.0
Fighting       | 3 4 5 6 7 |  7.4
Ranged Weapons | 4 5 6 8 |  8.4
Invocations    | 1 3 4 6 8 10 | 10.7
Shields        | 2 5 |  5.0
Stealth        | |  0.8

Action                   |  1- 3 |  4- 6 |  7- 9 | 10-12 || total
-------------------------+-------+-------+-------+-------++-------
Melee: Long sword        |       |       |     8 |    27 ||    35
       Headbutt          |       |       |     2 |     4 ||     6
       Punch             |       |       |     1 |     3 ||     4
 Fire: Shortbow          |   145 |   121 |   293 |     7 ||   566
Throw: Dart              |       |       |     2 |       ||     2
Invok: Heroism           |       |       |    10 |     2 ||    12
       Finesse           |       |       |       |     1 ||     1
  Use: Scroll            |     3 |     4 |     4 |       ||    11
       Potion            |     1 |       |     4 |       ||     5
 Stab: Sleeping          |       |       |     1 |       ||     1
Armor: Leather armour    |    16 |     4 |       |       ||    20
       Robe              |       |     5 |    25 |     2 ||    32
Dodge: Dodged            |    56 |    33 |   108 |    11 ||   208

Table legend: (Time is in decaauts)
 A = Elapsed time spent in this place.
 B = Non-inter-level travel time spent in this place.
 C = Inter-level travel time spent in this place.
 D = Time resting spent in this place.
 E = Time spent auto-exploring this place.
 F = Levels seen in this place.
 G = Mean time per level.
                   A        B        C        D        E       F      G
               +--------+--------+--------+--------+--------+-----+--------+
         Total |   6966 |   6881 |     85 |    158 |   5519 |   8 |  870.8 |
       Dungeon |   6966 |   6881 |     85 |    158 |   5519 |   8 |  870.8 |
               +--------+--------+--------+--------+--------+-----+--------+

Top non-repeatable levels by time:
     D:3: 1212 daAuts
     D:6: 1173 daAuts
     D:5: 1068 daAuts
     D:4: 833 daAuts
     D:7: 815 daAuts
     D:1: 772 daAuts
     D:2: 717 daAuts
     D:8: 373 daAuts
